 Dungeon Crawl Stone Soup version 0.31-a0-549-gf98fd537a9 (webtiles) character file.

Game seed: 1246670837245499390

192830 AdnanSaban the Peltast (level 18, -41/117 HPs)
             Began as a Gargoyle Fighter on Aug 15, 2023.
             Was the Champion of Okawaru.
             Blown up by an orb spider (53 damage)
             ... with an orb of destruction
             ... on level 4 of the Spider Nest.
             The game lasted 01:01:47 (32995 turns).

AdnanSaban the Peltast (Gargoyle Fighter)          Turns: 32995, Time: 01:01:48

Health: -41/117    AC: 38    Str: 20 (25) XL:     18   Next: 25%
Magic:  22/22      EV: 15    Int: 16 (20) God:    Okawaru [******]
Gold:   2723       SH: 21    Dex: 16 (19) Spells: 17/17 levels left

rFire   . . .        T - +3 morningstar (protect)
rCold   . . .        E - +0 kite shield
rNeg    + . .        W - +6 swamp dragon scales of Sloth {-Cast rPois Regen+ Dex+7}
rPois   ∞            c - +0 helmet "Nucaewao" {+Blink Will+ Dex+3 Slay+2}
rElec   +            (no cloak)
rCorr   +            Z - +2 pair of gloves of Vanity {Int+3}
SInv    .            X - +1 pair of boots of Absolutism {+Blink Regen+ Int+5 Stlth+}
Will    +++..        m - amulet of reflection
Stlth   +++          x - ring of willpower
HPRegen 1.99/turn    v - ring of resist corrosion
MPRegen 0.18/turn

%: no spellcasting, reflection
@: flying
A: sickness immunity, AC +13, big wings, negative energy resistance 1,
electricity resistance, torment resistance 1, petrification resistance
}: 1/15 runes: decaying
a: Renounce Religion, Evoke Blink, Heroism, Finesse, Duel


You were on level 4 of the Spider Nest.
You worshipped Okawaru.
Okawaru was exalted by your worship.
You visited 6 branches of the dungeon, and saw 28 of its levels.

You collected 2723 gold pieces.

Inventory:

Hand Weapons
 T - a +3 morningstar of protection (weapon)
Missiles
 s - 5 javelins
 y - 19 poisoned darts (quivered)
 A - a throwing net
 M - 21 boomerangs
 V - 8 curare-tipped darts
Armour
 c - the +0 helmet "Nucaewao" (worn) {+Blink Will+ Dex+3 Slay+2}
   (You found it on level 1 of the Swamp)

   Dex+3:     It affects your dexterity (+3).
   Slay+2:    It affects your accuracy & damage with ranged weapons and melee
   (+2).
   Will+:     It increases your willpower.
   +Blink:    It lets you blink.
 h - a +0 tower shield
 E - a +0 kite shield (worn)
 Q - the +3 pair of mountain boots {steadfast, rC+}
   (You found it on level 10 of the Dungeon)

   Steadfast: It prevents involuntary movement, except for blinking,
   teleportation, or banishment.
   rC+:       It protects you from cold.
 W - the +6 swamp dragon scales of Sloth (worn) {-Cast rPois Regen+ Dex+7}
   (Okawaru gifted it to you on level 4 of the Lair of Beasts)

   Dex+7:     It affects your dexterity (+7).
   rPois:     It protects you from poison -Cast: It prevents spellcasting.
   Regen+:    It increases your rate of health regeneration.
 X - the +1 pair of boots of Absolutism (worn) {+Blink Regen+ Int+5 Stlth+}
   (Okawaru gifted it to you on level 11 of the Dungeon)

   Int+5:     It affects your intelligence (+5).
   +Blink:    It lets you blink.
   Regen+:    It increases your rate of health regeneration.
   Stlth+:    It makes you more stealthy.
 Z - the +2 pair of gloves of Vanity (worn) {Int+3}
   (You found it on level 3 of the Swamp)

   Int+3:     It affects your intelligence (+3).
Jewellery
 j - a ring of protection from cold
 m - an amulet of reflection (around neck)
 o - a ring of fire
 v - a ring of resist corrosion (right hand)
 w - an amulet of faith
 x - a ring of willpower (left hand)
 R - a ring of positive energy
Wands
 n - a wand of digging (7)
 q - a wand of polymorph (8)
 r - a wand of light (4)
Scrolls
 b - 4 scrolls of fog {unknown}
 e - 3 scrolls of noise {unknown}
 f - 3 scrolls of revelation {unknown}
 g - 4 scrolls of immolation {unknown}
 i - 7 scrolls of fear {unknown}
 l - 4 scrolls of enchant armour
 p - 12 scrolls of identify
 t - a scroll of amnesia {unknown}
 u - 12 scrolls of teleportation {unknown}
 B - a scroll of summoning {unknown}
 F - 2 scrolls of poison {unknown}
 I - 3 scrolls of blinking {unknown}
 J - 4 scrolls of enchant weapon {unknown}
 U - a scroll of silence {unknown}
Potions
 a - 3 potions of berserk rage {unknown}
 d - 5 potions of might
 k - 6 potions of curing
 z - 3 potions of invisibility
 H - 5 potions of ambrosia
 N - 2 potions of enlightenment {unknown}
 O - 5 potions of heal wounds {unknown}
 P - 6 potions of attraction {unknown}
 S - 5 potions of haste {unknown}


   Skills:
 + Level 14.4 Fighting
 + Level 17.3 Maces & Flails
 + Level 3.4 Throwing
 + Level 12.4 Armour
 + Level 8.6 Dodging
 - Level 4.0 Stealth
 + Level 20.2 Shields
 + Level 6.6 Invocations


You had 17 spell levels left.
You didn't know any spells.
Your spell library contained the following spells:

 Spells                   Type           Power      Damage    Failure   Level
 Magic Dart               Conj           0%         1d3       43%         1
 Shock                    Conj/Air       0%         1d3       43%         1
 Blink                    Tloc           0%         N/A       58%         2
 Searing Ray              Conj           0%         2d4       58%         2
 Dazzling Flash           Conj/Hex       0%         N/A       82%         3
 Mephitic Cloud           Conj/Pois/Air  0%         N/A       82%         3
 Ozocubu's Armour         Ice            0%         N/A       82%         3
 Stone Arrow              Conj/Erth      0%         3d7       82%         3
 Swiftness                Air            0%         N/A       82%         3
 Airstrike                Air            0%         2d(0-16)  99%         4
 Fulminant Prism          Conj/Hex       0%         3d5       99%         4
 Leda's Liquefaction      Hex/Erth       0%         N/A       99%         4
 Manifold Assault         Tloc           0%         N/A       99%         4
 Agony                    Necr           0%         N/A       100%        5
 Iskenderun's Battlesphe  Conj           0%         2d6       100%        5
 Lee's Rapid Deconstruct  Erth           0%         3d4*      100%        5
 Silence                  Hex/Air        0%         N/A       100%        5
 Leda's Unmaking          Conj/Erth      0%         9d1       100%        6
 Orb of Destruction       Conj           0%         9d5       100%        7
 Ozocubu's Refrigeration  Ice            0%         4d7       100%        7
 Lehudib's Crystal Spear  Conj/Erth      0%         10d2      100%        8
 Call Imp                 Summ           Unusable   N/A       N/A         2
 Summon Guardian Golem    Hex/Summ       Unusable   N/A       N/A         3
 Animate Armour           Summ/Erth      Unusable   N/A       N/A         4
 Spellforged Servitor     Conj/Summ      Unusable   N/A       N/A         7

Dungeon Overview and Level Annotations

Branches:
Dungeon (12/15)            Temple (1/1) D:4            Lair (5/5) D:11
  Swamp (4/4) Lair:2       Spider (4/4) Lair:2        Slime (0/5) Lair:4
    Orc (2/2) D:12            Elf (0/3) Orc:2

Altars:
Ashenzari
Cheibriados
Dithmenos
Elyvilon
Fedhas
Gozag
Hepliaklqana
Kikubaaqudgha
Makhleb
Nemelex Xobeh
Okawaru
Qazlal
Ru
Sif Muna
Trog
Uskayaw
Vehumet
Wu Jian
Xom
Yredelemnul
Zin
The Shining One

Shops:
D:4 (   D:5 *   D:10 (   D:12 (   Orc:2 ![=?

Annotations:
D:10 2 transporters


Innate Abilities, Weirdness & Mutations

You are immune to sickness and miasma.
Your stone body is resilient. (AC +13)
You are immune to poison.
Your large and strong wings let you fly.
You resist negative energy. (rN+)
You are resistant to electric shocks. (rElec)
You are resistant to unholy torment.
You are immune to petrification.


Message History

The wolf spider is severely wounded.
The wolf spider misses you. You block the wolf spider's attack.
You barely miss the wolf spider.
The wolf spider is severely wounded.
You block the wolf spider's attack. The wolf spider bites you.
The orb spider weaves a glowing orb of energy.
An orb of destruction comes into view.
You bludgeon the wolf spider!!
You kill the wolf spider!
Okawaru accepts your kill.
The orb spider weaves a glowing orb of energy.
An orb of destruction comes into view.
The orb spider begins to weave its threads into a brightly glowing ball.
The orb of destruction hits you!
The orb spider spins a strand of pure energy.
You block the orb of destruction... and reflect it back!
The orb spider weaves a glowing orb of energy.
An orb of destruction comes into view.
You are too injured to fight recklessly!
Unknown command.
The orb spider weaves a glowing orb of energy.
The orb spider spins a strand of pure energy.
An orb of destruction comes into view.
The orb of destruction hits you!!!
* * * LOW HITPOINT WARNING * * *
The orb of destruction hits a stone wall.
You block the orb of destruction... and reflect it back!
The orb of destruction hits the orb spider!!!
You blow up the orb spider!
Okawaru accepts your kill.
The orb spider weaves a glowing orb of energy.
An orb of destruction comes into view.
The orb spider begins to weave its threads into a brightly glowing ball.
There is an open gate here.
The orb of destruction hits you!!
* * * LOW HITPOINT WARNING * * *
The orb spider weaves a glowing orb of energy.
An orb of destruction comes into view.
The orb of destruction hits you!!!
You die...

####..# ##.........## #..#
###.##..
##.....s...^^###..#
##.#..##
#...##'○'##...#^.##
.....#.# ##..##^°.##..##..#
...#...## ##..#.°.#..##.^##
#..^.#..## ##.#.☼.#.##..##
.#.^^..#.## ###.○.###..###
.^#.#...^.## #.○.##).##.#
#..#..#.#..#####@.^#####..#
.#.##..#.#.....^.........##
..#.#.#.#..##.#.....##.#.#
#....#..........#....^#.##
....^.#...#.#.....###^.##
....##.†#.....#^..#.#.##
#.#^.^...#.#....#...#..#
#.^<#.#^#.#..##..#...###
#..#.#....##...#..#...#


You could see an orb spider.

Vanquished Creatures
  Mara (Swamp:4)
  Nikola (Spider:3)
  Arachne (Spider:4)
  Rupert (D:11)
  2 thorn hunters
  2 emperor scorpions
  5 ghost moths
  The ghost of Ethylacetat the Brawler, an adept VSMo of Jiyva (Swamp:1)
  A quicksilver ooze (Lair:5)
  A broodmother (Spider:3)
  3 eleionomae
  A spark wasp (Spider:3)
  7 bunyips
  4 shambling mangroves
  2 entropy weavers (Spider:3)
  4 jorogumos
  18 hydras
  3 ghost crabs
  3 catoblepae
  3 two-headed ogres
  5 radroaches
  7 alligators
  10 boulder beetles
  5 demonic crawlers
  A deep troll shaman (Lair:5)
  9 death yaks
  2 orc high priests
  2 skysharks
  3 pharaoh ants
  2 sun moths (Spider:3)
  3 goliath frogs
  4 spriggan druids
  13 orb spiders
  5 swamp dragons
  8 bog bodies
  Pikel (D:6)
  7 orc knights
  6 steelbarb worms
  3 oklob plants
  18 wolf spiders
  4 cyclopes
  3 orc sorcerers
  2 will-o-the-wisps
  2 moths of wrath
  A spectral centaur (D:10)
  8 elephants
  5 black mambas
  7 torpor snails
  A centaur skeleton (D:10)
  3 rime drakes
  10 cane toads
  11 komodo dragons
  Maggie (D:8)
  2 bloated husks (Swamp:1)
  A meliai (shapeshifter) (D:12)
  6 tyrant leeches
  6 polar bears
  7 trolls
  8 saltlings (Orc:2)
  17 hornets
  20 tarantellas
  8 dream sheep
  A meliai zombie (D:10)
  8 blink frogs
  17 spriggans
  Sigmund (D:3)
  7 wyverns
  22 jumping spiders
  27 culicivoras
  3 slime creatures (Lair:5)
  A shadow (D:12)
  2 vampires (D:10)
  45 yaks
  3 wraiths
  5 basilisks
  2 steam dragons (D:8)
  61 redbacks
  14 vampire mosquitoes
  An acid dragon (D:9)
  4 wargs
  16 swamp worms
  Menkaure (D:7)
  13 water moccasins
  A two-headed ogre zombie (D:12)
  A sky beast (D:4)
  6 swamp drakes
  21 orc warriors
  3 ice beasts
  2 black bears (D:4)
  10 ogres
  21 wolves
  8 centaurs
  2 kobold brigands
  A lemure (D:5)
  3 phantoms
  2 wyvern zombies (D:6)
  19 bullfrogs
  2 gnoll sergeants
  A water moccasin zombie (D:6)
  4 scorpions
  A wight (D:8)
  10 killer bees
  A troll zombie (D:12)
  A howler monkey (D:4)
  An electric eel (Lair:2)
  9 jellies
  2 centaur zombies
  4 hounds
  5 orc priests
  A sleepcap (D:8)
  4 iguanas
  Jessica (D:3)
  2 gnoll boudas
  25 orc wizards
  4 hell rats (Lair:5)
  A killer bee zombie (D:6)
  6 ogre zombies (D:12)
  3 howler monkey zombies
  Robin (D:3)
  10 adders
  22 gnolls
  A shadow imp (D:8)
  3 ufetubi
  2 worms (D:3)
  A dart slug (D:2)
  64 orcs
  7 endoplasms
  7 giant cockroaches
  11 goblins
  14 hobgoblins
  5 quokkas
  8 ball pythons
  8 bats
  2 goblin zombies (D:12)
  A hobgoblin skeleton (D:12)
  5 hobgoblin zombies (D:12)
  12 kobolds
  2 orc skeletons (D:12)
  15 orc zombies (D:12)
  8 rats
962 creatures vanquished.

Vanquished Creatures (others)
  A pharaoh ant (Spider:4)
  2 tyrant leeches
  A bloated husk (Swamp:3)
  A hornet (Swamp:4)
  2 spriggans
  A swamp worm (Swamp:1)
  An orc wizard (D:4)
  An orc (D:4)
  14 foxfires
24 creatures vanquished.

Grand Total: 986 creatures vanquished

Notes
Turn   | Place    | Note
-------+----------+-------------------------------------------
     0 | D:1      | AdnanSaban the Gargoyle Fighter began the quest for the
                  | Orb.
     0 | D:1      | Reached XP level 1. HP: 14/14 MP: 1/1
     6 | D:1      | Noticed a rime drake
     6 | D:1      | Noticed a black bear
     6 | D:1      | Noticed a hound
     7 | D:1      | Noticed an anaconda
     7 | D:1      | Noticed a swamp worm
   128 | D:1      | Reached XP level 2. HP: 19/19 MP: 2/2
   649 | D:2      | Reached XP level 3. HP: 23/23 MP: 3/3
   958 | D:2      | Reached XP level 4. HP: 28/28 MP: 4/4
  1490 | D:3      | Noticed Jessica
  1498 | D:3      | Killed Jessica
  1499 | D:3      | Reached skill level 4 in Shields
  1871 | D:3      | Reached XP level 5. HP: 33/33 MP: 5/5
  1877 | D:3      | Noticed Robin
  1930 | D:3      | Killed Robin
  2188 | D:3      | Noticed Sigmund
  2200 | D:3      | Killed Sigmund
  2201 | D:3      | Reached XP level 6. HP: 25/38 MP: 6/6
  2838 | D:4      | Reached skill level 5 in Maces & Flails
  2838 | D:4      | Reached XP level 7. HP: 33/44 MP: 7/7
  3142 | D:4      | Reached skill level 5 in Armour
  3142 | D:4      | Reached skill level 1 in Dodging
  3366 | D:4      | Reached skill level 5 in Shields
  3406 | D:4      | Found a staircase to the Ecumenical Temple.
  3460 | Temple   | Entered the Ecumenical Temple
  3488 | Temple   | Became a worshipper of Warmaster Okawaru
  3678 | D:4      | Reached XP level 8. HP: 31/48 MP: 8/8
  3800 | D:4      | Found Ozxuxteh's Weapon Shop.
  3825 | D:4      | Identified the +4 ring mail of the Enchanting Gods {+Blink
                  | rC+ Stlth+}
  4076 | D:5      | Entered Level 5 of the Dungeon
  4365 | D:4      | Reached skill level 5 in Fighting
  4490 | D:5      | Found Tuynopp's General Store.
  4589 | D:5      | Reached skill level 6 in Shields
  4595 | D:5      | Reached * piety under Okawaru
  5380 | D:5      | Found a shadowy altar of Dithmenos.
  6099 | D:6      | Reached skill level 1 in Stealth
  6099 | D:6      | Reached XP level 9. HP: 54/54 MP: 9/9
  6389 | D:6      | Found a shimmering blue altar of Sif Muna.
  6613 | D:6      | Noticed Pikel
  6686 | D:5      | Reached skill level 7 in Shields
  6907 | D:6      | Found a basalt altar of Yredelemnul.
  6993 | D:6      | Reached ** piety under Okawaru
  7346 | D:6      | Killed Pikel
  7347 | D:6      | Reached skill level 1 in Throwing
  7761 | D:7      | Noticed Menkaure
  7766 | D:7      | Killed Menkaure
  7900 | D:7      | Found a large runed translucent door.
  7901 | D:7      | Found a large runed translucent door.
  8099 | D:7      | Found a glowing golden altar of the Shining One.
  8423 | D:7      | Found a stormy altar of Qazlal.
  8426 | D:7      | Found a glowing silver altar of Zin.
  8447 | D:7      | Reached XP level 10. HP: 55/61 MP: 10/10
  8904 | D:8      | Reached skill level 8 in Shields
  8911 | D:8      | Reached *** piety under Okawaru
  9129 | D:8      | Reached skill level 9 in Shields
  9230 | D:8      | Reached **** piety under Okawaru
  9431 | D:8      | Noticed Maggie
  9447 | D:8      | Killed Maggie
  9569 | D:8      | Reached skill level 10 in Maces & Flails
  9569 | D:8      | Reached XP level 11. HP: 39/66 MP: 11/11
  9573 | D:8      | Identified the +1 buckler of the Lair of Beasts {Int+6}
 10174 | D:9      | Noticed a two-headed ogre
 10191 | D:9      | Killed a two-headed ogre
 10191 | D:9      | Reached ***** piety under Okawaru
 10192 | D:9      | Reached skill level 10 in Shields
 10815 | D:9      | Reached skill level 1 in Invocations
 10851 | D:10     | Entered Level 10 of the Dungeon
 10865 | D:9      | Received a gift from Okawaru
 10871 | D:10     | Noticed a two-headed ogre
 11141 | D:10     | Received a gift from Okawaru
 11168 | D:10     | Found Mojef's Weapon Shop.
 11196 | D:10     | Found the +3 pair of mountain boots {steadfast, rC+}
 11242 | D:10     | Identified the +1 broad axe "Nofaep" {pain, rF+ SInv}
 11351 | D:9      | Killed a two-headed ogre
 11495 | D:10     | Reached skill level 11 in Shields
 11715 | D:10     | Noticed a centaur warrior
 11721 | D:10     | Noticed a cyclops
 11722 | D:10     | Found a transporter.
 11722 | D:10     | Found a transporter.
 11722 | D:10     | Noticed a wolf spider
 11724 | D:10     | Found a radiant altar of Vehumet.
 11964 | D:10     | Received a gift from Okawaru
 12421 | D:11     | Found a staircase to the Lair.
 12474 | D:11     | Noticed a two-headed ogre
 12485 | D:11     | Killed a two-headed ogre
 12511 | D:11     | Noticed a cyclops
 12523 | D:11     | Killed a cyclops
 12716 | D:11     | Reached XP level 12. HP: 42/73 MP: 14/14
 13092 | D:11     | Received a gift from Okawaru
 13456 | D:12     | Found a staircase to the Orcish Mines.
 13496 | D:11     | Reached skill level 12 in Shields
 13617 | D:12     | Noticed a boulder beetle
 13639 | D:12     | Found Vunint's Antique Weapon Emporium.
 13786 | D:12     | Noticed a boulder beetle
 13802 | D:12     | Killed a boulder beetle
 13859 | D:12     | Reached skill level 5 in Invocations
 13876 | D:12     | Killed a boulder beetle
 13936 | D:12     | Noticed Rupert
 14314 | D:11     | Received a gift from Okawaru
 14438 | Lair:1   | Entered Level 1 of the Lair of Beasts
 14466 | Lair:1   | Noticed a boulder beetle
 14480 | Lair:1   | Killed a boulder beetle
 14667 | Lair:1   | Reached ****** piety under Okawaru
 15050 | Lair:1   | Noticed a catoblepas
 15061 | Lair:1   | Killed a catoblepas
 15062 | Lair:1   | Reached skill level 10 in Armour
 15854 | Lair:2   | Received a gift from Okawaru
 15995 | Lair:2   | Found a transporter.
 15997 | Lair:2   | Found a transporter.
 16000 | Lair:2   | Noticed a skyshark
 16014 | Lair:2   | Killed a skyshark
 16015 | Lair:2   | Reached XP level 13. HP: 75/80 MP: 17/17
 16502 | Lair:2   | Reached skill level 13 in Shields
 16876 | Lair:2   | Found a hole to the Spider Nest.
 17272 | Lair:2   | Found a staircase to the Swamp.
 17280 | Lair:2   | Received a gift from Okawaru
 17839 | Lair:3   | Identified the +11 orcbow of Fortitude {antimagic, rElec
                  | Int+5 Dex-2 Stlth-}
 19198 | Lair:3   | Received a gift from Okawaru
 19317 | Lair:3   | Reached skill level 14 in Shields
 19317 | Lair:3   | Gained mutation: Your large and strong wings let you fly.
                  | [Gargoyle growth]
 19317 | Lair:3   | Reached XP level 14. HP: 72/87 MP: 18/18
 19327 | Lair:3   | Reached skill level 10 in Fighting
 19773 | Lair:4   | Identified the +6 swamp dragon scales of Sloth {-Cast rPois
                  | Regen+ Dex+7} (Okawaru gifted it to you on level 4 of the
                  | Lair of Beasts)
 19773 | Lair:4   | Received a gift from Okawaru
 19997 | Lair:4   | Found a staircase to the Slime Pits.
 20362 | Lair:5   | Entered Level 5 of the Lair of Beasts
 20928 | Lair:5   | Noticed a quicksilver ooze
 20951 | Lair:5   | Killed a quicksilver ooze
 21219 | Lair:5   | Reached skill level 15 in Shields
 22001 | D:11     | Killed Rupert
 22001 | D:11     | Identified the +1 pair of boots of Absolutism {+Blink
                  | Regen+ Int+5 Stlth+} (Okawaru gifted it to you on level 11
                  | of the Dungeon)
 22001 | D:11     | Received a gift from Okawaru
 22395 | Orc:1    | Entered Level 1 of the Orcish Mines
 22531 | Orc:1    | Reached XP level 15. HP: 94/94 MP: 19/19
 22706 | Orc:1    | Reached skill level 15 in Maces & Flails
 22810 | Orc:2    | Entered Level 2 of the Orcish Mines
 22943 | Orc:2    | Found a burning altar of Makhleb.
 23027 | Orc:2    | Found a staircase to the Elven Halls.
 23257 | Orc:2    | Found Xotray's Armour Shoppe.
 23632 | Orc:2    | Reached skill level 5 in Dodging
 23700 | Orc:2    | Found Ijoulamo's Distillery.
 23729 | Orc:2    | Found Fyowkalus's Magic Scroll Boutique.
 23762 | Orc:2    | Found Odipuf's Jewellery Shoppe.
 24015 | Swamp:1  | Entered Level 1 of the Swamp
 24102 | Swamp:1  | Identified the +0 helmet "Nucaewao" {+Blink Will+ Dex+3
                  | Slay+2}
 24430 | Swamp:1  | Reached skill level 16 in Shields
 24505 | Swamp:1  | Found a runed translucent door.
 24505 | Swamp:1  | Noticed Ethylacetat's ghost (adept VSMo)
 24627 | Swamp:1  | Received a gift from Okawaru
 24923 | Swamp:1  | Killed Ethylacetat's ghost
 24930 | Swamp:1  | Identified the staff "Dohuifom" {rElec rF+ Str+3 Air}
 24932 | Swamp:1  | Identified the +1 shortbow of the Holding Fox {flame, MP+9}
 25373 | Swamp:2  | Identified the +1 hat of Jeli Fima {rElec rC+ SInv}
                  | (Okawaru gifted it to you on level 2 of the Swamp)
 25373 | Swamp:2  | Received a gift from Okawaru
 25515 | Swamp:2  | Reached XP level 16. HP: 100/101 MP: 20/20
 25675 | Swamp:2  | You are sucked into a shaft and drop 1 floor!
 25939 | Swamp:3  | Reached skill level 17 in Shields
 26348 | Swamp:3  | Identified the +2 pair of gloves of Vanity {Int+3}
 26428 | Swamp:4  | Entered Level 4 of the Swamp
 26428 | Swamp:4  | Noticed a thorn hunter
 26441 | Swamp:3  | Killed a thorn hunter
 26600 | Swamp:4  | Noticed Mara
 26639 | Swamp:4  | Noticed AdnanSaban's illusion
 26804 | Swamp:4  | Noticed AdnanSaban's illusion
 26808 | Swamp:4  | Killed Mara
 27009 | Swamp:4  | Received a gift from Okawaru
 27266 | Swamp:4  | HP: 4/103 [bog body (12)]
 27366 | Swamp:4  | Noticed a thorn hunter
 27384 | Swamp:4  | Reached skill level 18 in Shields
 27422 | Swamp:4  | Killed a thorn hunter
 27422 | Swamp:4  | Identified the +0 robe "Kisyf" {rCorr Str+5 Stlth+}
                  | (Okawaru gifted it to you on level 4 of the Swamp)
 27422 | Swamp:4  | Received a gift from Okawaru
 27441 | Swamp:4  | Got a decaying rune of Zot
 27581 | Spider:1 | Entered Level 1 of the Spider Nest
 28214 | Spider:1 | Reached XP level 17. HP: 108/108 MP: 21/21
 29620 | Spider:2 | Received a gift from Okawaru
 29631 | Spider:2 | Reached skill level 19 in Shields
 30944 | Spider:4 | Entered Level 4 of the Spider Nest
 31516 | Spider:4 | Received a gift from Okawaru
 31903 | Spider:3 | Reached XP level 18. HP: 106/115 MP: 22/22
 32184 | Spider:4 | Reached skill level 20 in Shields
 32634 | Spider:4 | Noticed Arachne
 32658 | Spider:4 | Killed Arachne
 32660 | Spider:4 | Noticed Nikola
 32707 | Spider:3 | Identified the +0 dagger of the Sage {venom, rElec rF+ rN+
                  | rCorr} (Okawaru gifted it to you on level 3 of the Spider
                  | Nest)
 32707 | Spider:3 | Received a gift from Okawaru
 32877 | Spider:3 | Killed Nikola
 32990 | Spider:4 | HP: 2/117 [disintegration (31)]
 32995 | Spider:4 | Blown up by an orb spider

Illustrated notes

Levels and vault maps discovered:
D:1:      onia_arrival_zoo_common, layout_basic, serial_park_tiny_1,
          nicolae_houndstooth_variations
D:2:      layout_loops_ring, grunt_ministairs_3
D:3:      layout_loops_corners, minmay_misc_feat_iff, nrook_mini_backslash,
          uniq_jessica, uniq_robin, uniq_sigmund
D:4:      layout_loops_corners, temple_hall, serial_shops, shop_fountains
D:5:      layout_layer_cave, mainiacjoe_overflow_surrounded_room, serial_shops,
          nicolae_shop_window_shopping, minmay_misc_feat_encased,
          patterned_corridor
D:6:      layout_basic, lemuel_blue_sif_altar, nicolae_yredelemnul_corpse_copse,
          hangedman_decor_peaks_small, uniq_pikel
D:7:      layout_basic, jmf_multi_god_temple2, general_overflow_altar,
          uniq_menkaure
D:8:      kb_forest_paths, layout_cave_pools, due_unseen_surprise, uniq_maggie
D:9:      layout_irregular_city
D:10:     layout_gridville, gammafunk_temple_overflow_arena, serial_shops, shop,
          hangedman_weighted_door
D:11:     layout_gridville, dpeg_oklobed_lair
D:12:     layout_cave_pools, zombieorc2_lemuel, serial_shops,
          nicolae_shop_overgrown_old_shop, uniq_rupert
Temple:   nicolae_temple_superstar
Lair:1:   wad_woods_04, layout_small_grid, serial_bayou_shore_b
Lair:2:   gammafunk_boulding_lane, layout_cellular_growth,
          nicolae_swamp_entry_splash_gauntlet, spider_nest_entry_funnel_web,
          grunt_megastairs_5, infiniplex_staircase_pool_2, lemuel_fruit_tree
Lair:3:   nzn_winding_woodlands_stair_trap [nzn_winding_woodlands_5x15_cabin,
          nzn_winding_woodlands_5x15_lazy_stream,
          nzn_winding_woodlands_5x15_sawtooth,
          nzn_winding_woodlands_15x15_eel_pit,
          nzn_winding_woodlands_5x15_concentric,
          nzn_winding_woodlands_5x15_twine, nzn_winding_woodlands_5x15_default],
          layout_chaotic_city
Lair:4:   layout_gridlike, nicolae_slime_entry_field_trip, lemuel_fruit_fields
Lair:5:   grunt_lair_end_beastmaster, layout_regular_city,
          nicolae_lair_time_for_slime
Swamp:1:  layout_basic_swamp, ebering_ghost_reflecting_pool,
          nicolae_swamp_long_stream
Swamp:2:  layout_basic_swamp, serial_swamp_ruin, hangedman_swamp_ruin_wall,
          evilmike_swamp_ruin_rubble_1, infiniplex_staircase_pool
Swamp:3:  layout_basic_swamp, nicolae_swamp_ascending_descending, swamp_pool3
Swamp:4:  swamp_basic_johnstein, layout_basic_swamp, swamp_pool1, uniq_mara
Spider:1: nicolae_spider_hilbert_zone_1 [nicolae_spider_hilbert_4_sides_1_open,
          nicolae_spider_hilbert_4_sides_1_open,
          nicolae_spider_hilbert_4_sides_1_open,
          nicolae_spider_hilbert_4_sides_1_open,
          nicolae_spider_hilbert_3_sides_1_open,
          nicolae_spider_hilbert_3_sides_1_open,
          nicolae_spider_hilbert_3_sides_1_open,
          nicolae_spider_hilbert_3_sides_1_open,
          nicolae_spider_hilbert_3_sides_1_open,
          nicolae_spider_hilbert_6_sides_1_open,
          nicolae_spider_hilbert_6_sides_1_open,
          nicolae_spider_hilbert_3_sides_1_open,
          nicolae_spider_hilbert_3_sides_1_open,
          nicolae_spider_hilbert_3_sides_1_open,
          nicolae_spider_hilbert_3_sides_1_open,
          nicolae_spider_hilbert_2_sides_1_open]
Spider:2: layout_spider_delve
Spider:3: layout_spider_delve, nicolae_spider_checkerboard
Spider:4: johnstein_spider_rune_arachne_lair, nicolae_spider_spiderdrome,
          uniq_arachne, uniq_donald, uniq_nikola
Orc:1:    layout_caves, kennysheep_orc_chapel
Orc:2:    hellmonk_orc_salted, layout_diamond_mine, bloody_makhleb

Skill      XL: |  1  2  3  4  5  6  7  8  9 10 11 12 13 14 15 16 17 18 |
---------------+-------------------------------------------------------+-----
Maces & Flails | 3 4 5 6 8 10 11 13 14 16 17 | 17.3
Armour         | 4 5 6 7 8 9 10 11 12 | 12.4
Shields        | 4 5 6 7 9 11 12 14 15 16 18 19 20 | 20.2
Fighting       | 4 5 6 7 8 9 11 12 13 14 | 14.4
Dodging        | 1 2 3 4 5 7 8 |  8.6
Stealth        | 1 2 3 4 |  4.0
Throwing       | 1 2 3 |  3.4
Invocations    | 3 6 |  6.6

Action                     |  1- 3 |  4- 6 |  7- 9 | 10-12 | 13-15 | 16-18 || total
---------------------------+-------+-------+-------+-------+-------+-------++-------
  Melee: Flail             |    95 |   196 |   411 |       |       |       ||   702
         Whip              |       |       |    73 |   765 |       |       ||   838
         Morningstar       |       |       |       |   358 |  2025 |  1735 ||  4118
  Throw: Dart              |       |       |    12 |    37 |       |    27 ||    76
         Boomerang         |       |       |       |    10 |       |       ||    10
 Invoke: Heroism           |       |       |       |       |     1 |     3 ||     4
         Finesse           |       |       |       |       |     1 |       ||     1
    Use: Scroll            |       |       |       |       |       |     7 ||     7
         Potion            |       |       |       |       |       |     3 ||     3
   Stab: Distracted        |       |     1 |       |       |     2 |     2 ||     5
         Sleeping          |       |       |       |       |     6 |    14 ||    20
 Armour: Scale mail        |    45 |       |       |       |       |       ||    45
         Chain mail        |    21 |   123 |   277 |   394 |       |       ||   815
         Plate armour      |       |       |       |   103 |   360 |       ||   463
         Swamp dragon scal |       |       |       |       |   613 |  1055 ||  1668
  Dodge: Dodged            |    41 |    61 |   163 |   216 |   582 |   819 ||  1882
  Block: Buckler           |    25 |   100 |   227 |       |       |       ||   352
         Reflection        |       |     1 |     5 |    21 |    18 |    13 ||    58
         Kite shield       |       |       |    45 |   776 |  1787 |  2042 ||  4650

Table legend: (Time is in decaauts)
 A = Elapsed time spent in this place.
 B = Non-inter-level travel time spent in this place.
 C = Inter-level travel time spent in this place.
 D = Time resting spent in this place.
 E = Time spent auto-exploring this place.
 F = Levels seen in this place.
 G = Mean time per level.
                   A        B        C        D        E       F      G
               +--------+--------+--------+--------+--------+-----+--------+
         Total |  32274 |  29394 |   2880 |   1523 |  18906 |  28 | 1152.6 |
       Dungeon |  14778 |  13513 |   1265 |    392 |   9911 |  12 | 1231.5 |
        Temple |     56 |      2 |     54 |      0 |      0 |   1 |   56.0 |
          Lair |   7656 |   6686 |    970 |    464 |   4306 |   5 | 1531.2 |
         Swamp |   3307 |   3010 |    297 |     30 |   1680 |   4 |  826.8 |
   Spider Nest |   5088 |   4882 |    206 |    608 |   2364 |   4 | 1272.0 |
  Orcish Mines |   1386 |   1300 |     86 |     29 |    645 |   2 |  693.0 |
               +--------+--------+--------+--------+--------+-----+--------+

Top non-repeatable levels by time:
Spider:3: 2082 daAuts
  Lair:3: 1905 daAuts
     D:4: 1893 daAuts
    D:11: 1749 daAuts
  Lair:2: 1722 daAuts
  Lair:1: 1660 daAuts
     D:5: 1602 daAuts
Spider:1: 1410 daAuts
  Lair:5: 1400 daAuts
     D:8: 1305 daAuts
     D:3: 1278 daAuts
     D:6: 1229 daAuts
     D:7: 1221 daAuts
     D:9: 1101 daAuts
    D:10: 1079 daAuts
